 Dungeon Crawl Stone Soup version 0.31-a0-1227-g0136665373 (webtiles) character file.

Game seed: 8416864314505944935

108 Curundu the Trooper (level 4, 0/40 HPs)
             Began as a Draconian Berserker on Dec 14, 2023.
             Was a Believer of Trog.
             Slain by a jelly (3 damage)
             ... on level 4 of the Dungeon.
             The game lasted 00:07:50 (2864 turns).

Curundu the Trooper (Draconian Berserker)           Turns: 2864, Time: 00:07:51

Health: 0/40       AC: -6    Str: 21    XL:     4   Next: 58%
Magic:  4/4        EV: 12    Int:  8    God:    Trog [**....]
Gold:   163        SH:  0    Dex: 10    Spells: 3/3 levels left

rFire   . . .        a - +0 spear
rCold   . . .        g - orb {*Rage}
rNeg    . . .        (body armour unavailable)
rPois   .            (helmet restricted)
rElec   .            b - +0 cloak
rCorr   .            (no gloves)
SInv    .            (no boots)
Will    .....        (no amulet)
Stlth   +            (no ring)
HPRegen 0.26/turn    (no ring)
MPRegen 0.09/turn

%: random rage (20%)
@: corroded, on berserk cooldown
A: AC +5, unfitting armour, cold-blooded
a: Renounce Religion, Berserk, Trog's Hand


You were on level 4 of the Dungeon.
You worshipped Trog.
Trog was pleased with you.
You visited 1 branch of the dungeon, and saw 4 of its levels.

You collected 163 gold pieces.

Inventory:

Hand Weapons
 a - a +0 spear (weapon)
Missiles
 i - a throwing net
Armour
 b - a +0 cloak (worn)
 g - an orb of wrath (worn)
Scrolls
 c - a scroll of acquirement {unknown}
 e - 2 scrolls of noise {unknown}
 f - a scroll of blinking {unknown}
Potions
 d - 2 potions of heal wounds {unknown}
 h - 3 potions of lignification {unknown}
 j - a potion of brilliance {unknown}
 k - a potion of mutation {unknown}
 l - a potion of invisibility {unknown}


   Skills:
 + Level 4.1 Fighting
 + Level 4.1 Polearms
 + Level 3.4 Dodging
 + Level 0.4 Stealth


You had 3 spell levels left.
You didn't know any spells.
Your spell library contained the following spells:

 Spells                   Type           Power      Damage    Failure   Level
 Summon Lightning Spire   Summ/Air       0%         N/A       99%         4
 Freezing Cloud           Conj/Ice/Air   0%         6-21      100%        5


Dungeon Overview and Level Annotations

Branches:
Dungeon (4/15)
 Temple: D:4-7

Altars:


Innate Abilities, Weirdness & Mutations

Your plain brown scales are hard. (AC +5)
You cannot fit into any form of body armour.
You are cold-blooded and may be slowed by cold attacks.


Message History

You kill the dart slug!
Trog accepts your kill. The giant cockroach barely misses you.
The giant cockroach closely misses you.
You feel a strong urge to attack something.
The giant cockroach bites you but does no damage.
You barely miss the giant cockroach. The giant cockroach misses you.
You puncture the giant cockroach!
You kill the giant cockroach!
Trog accepts your kill.
Calm down first, please.
You feel a strong urge to attack something.
You are no longer berserk.
You are exhausted.
You feel yourself slow down.
There is a stone staircase leading up here.
l - a bubbling emerald potion A jelly comes into view.
The jelly hits you but does no damage.
You hit the jelly. The acid corrodes you!
Your hands burn!
The jelly is lightly wounded.
The jelly barely misses you.
You hit the jelly but do no damage. The acid corrodes you!
Your hands burn!
You tail-slap the jelly.
The jelly is moderately wounded.
The jelly barely misses you. The jelly hits you. The acid corrodes you!
You are splashed with acid!
You hit the jelly.
Your hands burn!
The jelly is severely wounded.
The jelly hits you. The acid corrodes you!
You are splashed with acid!
You hit the jelly but do no damage.
Your hands burn!
* * * LOW HITPOINT WARNING * * *
The jelly is heavily wounded.
You feel yourself speed up. The jelly hits you.
* * * LOW HITPOINT WARNING * * *
You are splashed with acid.
* * * LOW HITPOINT WARNING * * *
The jelly hits you.
You die...

######## ###
###......##
..#####
#....###..##
......###..♣.#
#@..#
.......##.♣♣.#
#J..#
.............#
#...#
...........###
#.....
........####
#....#.
......###
#....# ..
.....## #....#
. ##..##
#....# ##...


You could see a jelly.

Vanquished Creatures
  5 adders
  A worm (D:3)
  3 dart slugs
  4 ball pythons
  5 bats
  4 endoplasms
  2 giant cockroaches
  3 goblins
  4 hobgoblins
  5 jackals
  2 kobolds
  5 quokkas
  3 frilled lizards
  7 rats
53 creatures vanquished.

Notes
Turn   | Place    | Note
-------+----------+-------------------------------------------
     0 | D:1      | Curundu the Draconian Berserker began the quest for the
                  | Orb.
     0 | D:1      | Reached XP level 1. HP: 19/19 MP: 1/1
   505 | D:1      | Reached XP level 2. HP: 26/26 MP: 2/2
  1150 | D:2      | Reached XP level 3. HP: 33/33 MP: 3/3
  1189 | D:2      | Reached ** piety under Trog
  1608 | D:2      | Found a faded altar of an unknown god.
  2126 | D:3      | Reached XP level 4. HP: 40/40 MP: 4/4
  2709 | D:3      | Got Ase Ixas's Elucidation of Ouranomancy
  2864 | D:4      | Slain by a jelly

Illustrated notes

Levels and vault maps discovered:
D:1:      evilmike_arrival_hilbert_curve, layout_loops_corners,
          grunt_decor_mini_mirrors
D:2:      layout_basic, hellmonk_ecumenical_altar_run_dry, nrook_uturn,
          chequers_serial_rivers_large_b, patterned_corridor
D:3:      layout_basic, nicolae_half_adder
D:4:      layout_cave_pods, minmay_temple_entry_overgrown,
          minmay_misc_feat_doors, chequers_mini_garden,
          kennysheep_generic_room_2, uniq_grinder, uniq_duvessa

Skill      XL: |  1  2  3  4 |
---------------+-------------+-----
Dodging        | 3 |  3.4
Fighting       | 4 |  4.1
Polearms       | 4 |  4.1
Stealth        | |  0.4

Action                     |  1- 3 |  4- 6 || total
---------------------------+-------+-------++-------
  Melee: Spear             |   124 |    53 ||   177
         Tailslap          |     5 |     5 ||    10
         Punch             |     1 |       ||     1
    Use: Potion            |       |     2 ||     2
 Armour: Skin              |    74 |    45 ||   119
  Dodge: Dodged            |    93 |    28 ||   121

Table legend: (Time is in decaauts)
 A = Elapsed time spent in this place.
 B = Non-inter-level travel time spent in this place.
 C = Inter-level travel time spent in this place.
 D = Time resting spent in this place.
 E = Time spent auto-exploring this place.
 F = Levels seen in this place.
 G = Mean time per level.
                   A        B        C        D        E       F      G
               +--------+--------+--------+--------+--------+-----+--------+
         Total |   3013 |   3013 |      0 |      0 |   2438 |   4 |  753.2 |
       Dungeon |   3013 |   3013 |      0 |      0 |   2438 |   4 |  753.2 |
               +--------+--------+--------+--------+--------+-----+--------+

Top non-repeatable levels by time:
     D:1: 1057 daAuts
     D:3: 988 daAuts
     D:2: 909 daAuts
     D:4: 57 daAuts
